 Dungeon Crawl Stone Soup version 0.31.0-9-g3a7656b989 (webtiles) character file.

Game seed: 11681344536676284868

45 qw the Shooter (level 3, 0/18 HPs)
             Began as a Spriggan Hunter on Feb 2, 2024.
             Slain by Robin
             ... wielding a +0 short sword
              (5 damage)
             ... on level 2 of the Dungeon.
             The game lasted 00:00:03 (1036 turns).

qw the Shooter (Spriggan Hunter)                    Turns: 1036, Time: 00:00:03

Health: 0/18       AC:  2    Str:  7    XL:     3   Next: 42%
Magic:  4/4        EV: 19    Int: 10    God:
Gold:   45         SH:  0    Dex: 20    Spells: 2/2 levels left

rFire   . . .        a - +0 shortbow
rCold   . . .        (shield currently unavailable)
rNeg    . . .        c - +0 robe
rPois   .            (helmet restricted)
rElec   .            (no cloak)
rCorr   .            (gloves unavailable)
SInv    +            (boots unavailable)
Will    .....        (no amulet)
Stlth   ++           (no ring)
HPRegen 0.23/turn    (no ring)
MPRegen 0.09/turn

%: no passive effects
@: very quick
A: very small, no large weapons, unfitting armour, see invisible, speed 3
a: no special abilities


You were on level 2 of the Dungeon.
You visited 1 branch of the dungeon, and saw 2 of its levels.

You collected 45 gold pieces.


Innate Abilities, Weirdness & Mutations

You are very small and have problems with some larger weapons.
You are too small for most types of armour.
You have supernaturally acute eyesight. (SInv)
You cover ground extremely quickly. (Speed+++)


   Skills:
 - Level 1.5 Fighting
 + Level 4.7 Ranged Weapons
 - Level 4.0 Dodging
 - Level 1.5 Stealth


You had 2 spell levels left.
You didn't know any spells.
Your spell library was empty.

Inventory:

Hand Weapons
 a - a +0 shortbow (weapon)
Armour
 c - a +0 robe (worn)
Potions
 e - a potion of curing

Dungeon Overview and Level Annotations

Branches:
Dungeon (2/15)

Altars:

Annotations:
D:2 Robin


Message History

Robin says, "Duck!"
You shoot an arrow. The arrow barely misses the goblin.
A hobgoblin comes into view.
The goblin misses you.
You shoot an arrow. The hobgoblin shouts!
The arrow hits the goblin.
The goblin is severely wounded.
The goblin hits you with a +0 club.
Robin laughs in a distinctly smug fashion.
You shoot an arrow. The arrow hits the goblin.
You kill the goblin!
You shoot an arrow. The arrow hits Robin.
Robin is lightly wounded.
Robin hits you with a +0 short sword.
A goblin comes into view. It is wielding a +0 club.
The hobgoblin closely misses you.
You shoot an arrow. The arrow hits Robin.
Robin is lightly wounded.
Robin hits you with a +0 short sword. The hobgoblin barely misses you.
You shoot an arrow. The arrow hits Robin.
Robin is moderately wounded.
Robin misses you. The hobgoblin misses you.
You shoot an arrow.
The arrow hits Robin but does no damage.
Robin is moderately wounded.
Robin misses you. The hobgoblin barely misses you.
You shoot an arrow.
The arrow hits Robin but does no damage.
Robin is moderately wounded.
Robin hits you with a +0 short sword. The hobgoblin completely misses you.
The hobgoblin barely misses you. Robin completely misses you.
You shoot an arrow. The arrow hits Robin!
Robin is severely wounded.
The goblin no longer looks unusually strong.
Robin hits you with a +0 short sword. The hobgoblin barely misses you.
You shoot an arrow. The arrow barely misses Robin.
Robin hits you with a +0 short sword.
You die...
Robin calls out, "Let's celebrate!
Time for a feast!"

... #.#####.# ## ...
#........ .. #.#
#######.# #. #.### ##'#
#. #.#.## ##... #g
#..#.####.... #g
##.###.##.....
##..##g####....##..%....
......g@......<.........
....##)####.....##......
. ...#..<......##.....
#####.#####.#.###....
#.#####[#.####...
#.#.........# #+#
#.#.#...#.#.# #
#.#.#.###.#.# #.#
#...>..##.#.###.#


You could see Robin, 2 hobgoblins and a goblin.

Vanquished Creatures
  A gnoll (D:1)
  5 bats (D:1)
  4 giant cockroaches
  A hobgoblin (D:1)
  2 jackals (D:1)
  A quokka (D:1)
  3 ball pythons (D:1)
  3 frilled lizards (D:1)
  5 goblins
  8 kobolds (D:1)
  A rat (D:1)
34 creatures vanquished.

Notes
Turn   | Place    | Note
-------+----------+-------------------------------------------
     0 | D:1      | qw the Spriggan Hunter began the quest for the Orb.
     0 | D:1      | Reached XP level 1. HP: 10/10 MP: 2/2
     0 | D:1      | 0 ||| qw: Version: 0.3-a-155-g5e7d8dd
     0 | D:1      | 0 ||| qw: Game counter: 432
     0 | D:1      | 0 ||| qw: Melee chars always use a shield: true
     0 | D:1      | 0 ||| qw: God list: Okawaru
     0 | D:1      | 0 ||| qw: Allow faded altars: false
     0 | D:1      | 0 ||| qw: Do Orc after clearing Dungeon:15 true
     0 | D:1      | 0 ||| qw: Do second Lair branch before Depths: true
     0 | D:1      | 0 ||| qw: Lair rune preference: random
     0 | D:1      | 0 ||| qw: Goals: Normal
     0 | D:1      | 0 ||| PLANNING D:1-11
    27 | D:1      | Reached skill level 3 in Dodging
    85 | D:1      | Reached XP level 2. HP: 14/14 MP: 3/3
   296 | D:1      | Reached XP level 3. HP: 14/18 MP: 4/4
   891 | D:1      | 891 ||| READING scroll labelled BIUGAZX QUMI.
   891 | D:1      | 891 ||| IDENTIFYING coppery potion
   892 | D:1      | 892 ||| DROPPING scroll of butterflies.
  1022 | D:2      | Noticed Robin
  1036 | D:2      | Slain by Robin

Levels and vault maps discovered:
D:1:      lightli_arrival_noodles, layout_basic, minmay_misc_feat_plants,
          chequers_serial_rivers_micro_e, minmay_gold_behind_fungi
D:2:      layout_loops_corners, uniq_robin, uniq_sigmund, uniq_jessica

Skill      XL: |  1  2 |
---------------+-------+-----
Dodging        | 3 4 |  4.0
Fighting       | |  1.5
Ranged Weapons | |  4.7
Stealth        | |  1.5

Action                     || total
---------------------------++-------
   Fire: Shortbow          ||    86
    Use: Scroll            ||     1
 Armour: Robe              ||    13
  Dodge: Dodged            ||    28

Table legend:
 A = Non-vault XP
 B = Vault XP
 C = Vault XP percentage of total XP
 D = Non-vault monster count
 E = Vault monster count
 F = Vault count percentage of total count
                 A         B        C        D         E       F
            +---------+---------+-------+---------+---------+-------
      Total |      59 |       6 |   9.2 |      31 |       3 |   8.8
            +---------+---------+-------+---------+---------+-------
        D:1 |      57 |       0 |   0.0 |      30 |       0 |   0.0
        D:2 |       2 |       6 |  75.0 |       1 |       3 |  75.0
            +---------+---------+-------+---------+---------+-------
